 Dungeon Crawl Stone Soup version 0.15-a0-809-g8e1b895 (webtiles) character file.

63 4tharraofdagon the Insei (level 4, -1/25 HPs)
             Began as a Kobold Transmuter on May 14, 2014.
             Succumbed to Sigmund's poison
             ... on Level 3 of the Dungeon.
             The game lasted 00:03:55 (698 turns).

4tharraofdagon the Insei (Kobold Transmuter)         Turns: 698, Time: 00:03:55

HP  -1/25        AC  2     Str  9      XL: 4   Next: 30%
MP  11/16        EV 21     Int 11      God:
Gold 51          SH  0     Dex 21      Spells:  2 memorised,  3 levels left

rFire  . . .     SeeInvis .       - Unarmed
rCold  . . .     Clarity  .     c - melded +0 robe
rNeg   . . .     Conserve .     (shield currently unavailable)
rPois  x         rCorr    .     (helmet currently unavailable)
rElec  .         rRot     .     (cloak currently unavailable)
SustAb . .       Spirit   .     (gloves currently unavailable)
rMut   .         Warding  .     (boots currently unavailable)
Gourm  .         Stasis   .     (no amulet)
MR     .....                    (no ring)
                                m - ring of magical power

@: spider-form (expiring), lethally poisoned, very slightly contaminated, quick,
not resistant to hostile enchantments, unstealthy
A: disease resistance, carnivore 3
a: End Transformation


You were on level 3 of the Dungeon.
You were full.
You were in spider-form.
You visited 1 branch of the dungeon, and saw 3 of its levels.

You collected 51 gold pieces.

Inventory:

Missiles
 b - 12 arrows
Armour
 c - a +0 robe (melded)
Comestibles
 a - a meat ration
Scrolls
 f - a scroll of enchant weapon I
 h - a scroll of random uselessness {unknown}
 i - a scroll of enchant armour {unknown}
 k - a scroll of remove curse {unknown}
Jewellery
 m - a ring of magical power (left front leg)
Potions
 e - a potion of haste {unknown}
 g - a potion of agility {unknown}
 l - a potion of cure mutation {unknown}
 n - a potion of might {unknown}
Books
 d - a book of Changes

   Spells                             Type                      Level
   *Beastly Appendage                 Transmutation                1
   Sticks to Snakes                   Transmutation                2
   *Spider Form                       Transmutation/Poison         3
   Ice Form                           Ice/Transmutation            4
   Blade Hands                        Transmutation                5


   Skills:
 + Level 1.3 Fighting
 + Level 2.8 Dodging
 * Level 3.3 Unarmed Combat
 + Level 2.2 Spellcasting
 + Level 3.1 Transmutations


You had 3 spell levels left.
You knew the following spells:

 Your Spells              Type           Power        Failure   Level  Hunger
a - Beastly Appendage     Trmt           #.....       24%         1    ##.....
b - Spider Form           Trmt/Pois      #.........   69%         3    ####...


Dungeon Overview and Level Annotations

Branches:
Dungeon (3/15)

Altars:

Annotations:
D:3 Sigmund


Innate Abilities, Weirdness & Mutations

You recuperate from illness quickly.
You are small and have problems with some larger weapons.
You are carnivorous and can eat meat at any time.


Message History

You barely miss something. Something closely misses you.
You barely miss something.
Your transformation is almost over.
You hear some strange, mumbled words.
The magic dart hits you!
You hit something. Something closely misses you.
You hit something. You barely miss something.
You hear some strange, mumbled words.
The magic dart hits you!
You hit something. Something hits you.
* * * LOW HITPOINT WARNING * * *
You hit something.
Unknown command.
You hit something. Something hits you.
* * * LOW HITPOINT WARNING * * *
You are lethally poisoned!
Unknown command.
You closely miss something.
You die...

#.# #..))......... #.#
#[###.......#.#
#.#+##+###.#............
.#.......##.#.#.####.####
.........'......# #
##.......##.#.#.#
#)#..........#)#
#.########.###.####
#.#...........>s..#
#.#.###.#.........# #.# #
##.###.#### #.# .... ....
. ##.###.## ... #.# #.#
#.# ..# #.# .


There were no monsters in sight!

Vanquished Creatures
  An orc priest (D:3)
  A worm (D:2)
  A giant gecko (D:1)
  4 orcs (D:3)
  A goblin (D:2)
  A hobgoblin (D:1)
  3 jackals (D:2)
  2 kobolds (D:2)
  4 bats (D:1)
  3 giant newts
  3 rats
24 creatures vanquished.

Notes
Turn   | Place    | Note
--------------------------------------------------------------
     0 | D:1      | 4tharraofdagon, the Kobold Transmuter, began the quest for the Orb.
     0 | D:1      | Reached XP level 1. HP: 12/12 MP: 3/3
    64 | D:1      | Reached XP level 2. HP: 8/16 MP: 1/4
   244 | D:1      | You fall through a shaft!
   398 | D:2      | Reached XP level 3. HP: 13/20 MP: 6/6
   411 | D:2      | Learned a level 3 spell: Spider Form
   510 | D:3      | Noticed Sigmund
   531 | D:3      | Reached XP level 4. HP: 20/25 MP: 7/7
   697 | D:3      | HP: 1/25 [something (5)]
   698 | D:3      | Succumbed to Sigmund's poison

Action                   |  1- 3 |  4- 6 || total
-------------------------+-------+-------++-------
Melee: Unarmed           |    79 |    21 ||   100
 Cast: Beastly Appendage |    13 |       ||    13
       Spider Form       |     1 |     2 ||     3
 Abil: End Transformatio |       |     1 ||     1
  Use: Scroll            |     1 |       ||     1
       Potion            |     2 |       ||     2

Vault maps used:
D:1:      dpeg_arrival_pits, serial_curves, eino_curves_04, eino_curves_01
D:2:      serial_forest, infiniplex_forest_end_1, infiniplex_forest_zigzag_1,
          infiniplex_forest_join, infiniplex_forest_clump_small,
          minmay_misc_feat_cross, minmay_fountain_box, hangedman_glass_teeth
D:3:      uniq_natasha, uniq_crazy_yiuf_cottage, uniq_sigmund
